 Dungeon Crawl Stone Soup version 0.19.5 (webtiles) character file.

2354 HouseofHex the Carver (level 9, -6/66 HPs)
             Began as a Demonspawn Gladiator on Apr 2, 2017.
             Was a Believer of Fedhas.
             Mangled by a wight
             ... wielding a +2 halberd
              (8 damage)
             ... on level 7 of the Dungeon.
             The game lasted 00:59:13 (9288 turns).

HouseofHex the Carver (Demonspawn Gladiator)        Turns: 9288, Time: 00:59:20

Health: -6/66      AC:  6    Str: 15    XL:     9   Next: 20%
Magic:  10/10      EV: 13    Int:  9    God:    Fedhas [**....]
Gold:   405        SH:  0    Dex: 15    Spells: 0 memorised, 8 levels left

rFire  . . .     SeeInvis .     a - +0 long sword
rCold  + . .     Gourm    .     b - +0 leather armour
rNeg   . . .     Faith    .     (no shield)
rPois  .         Spirit   .     s - +1 helmet
rElec  +         Reflect  .     c - +0 cloak
rCorr  .         Harm     .     (no gloves)
MR     +....     Rnd*Rage +     (no boots)
Stlth  +++.......               o - necklace of Bloodlust {*Rage +Rage MR+ Int-3 Slay+3 *Curse} (curse)
                                (no ring)
                                (no ring)

@: very slightly contaminated, drained
A: hooves 2, cold resistance 1, high mp 1, nightstalker 1, electricity
resistance, rot immunity
a: Fungal Bloom, Evolution, Sunlight, Renounce Religion, Evoke Berserk Rage


You were on level 7 of the Dungeon.
You worshipped Fedhas.
Fedhas was pleased with you.
You were hungry.

You visited 2 branches of the dungeon, and saw 9 of its levels.

You collected 405 gold pieces.

Inventory:

Hand Weapons
 a - a +0 long sword (weapon)
Missiles
 d - 4 throwing nets
 f - 6 poisoned tomahawks (quivered)
 p - 62 bolts
 t - 8 tomahawks
Armour
 b - a +0 leather armour (worn)
 c - a +0 cloak (worn)
 s - a +1 helmet (worn)
Jewellery
 m - an uncursed amulet of harm
 o - the cursed necklace of Bloodlust (around neck) {*Rage +Rage MR+ Int-3 Slay+3 *Curse}
   (You took it off a hobgoblin on level 4 of the Dungeon)

   [amulet of rage]

   It affects your intelligence (-3).
   It affects your accuracy and damage with ranged weapons and melee attacks
   (+3).
   It affects your resistance to hostile enchantments.
   It lets you go berserk.
   It may make you go berserk in combat.
   It may re-curse itself when equipped.
   It has a curse placed upon it.
Wands
 g - a wand of iceblast (7/15)
 n - a wand of lightning (7/15)
 r - a wand of slowing (32/48)
Scrolls
 e - a scroll of identify
 i - 4 scrolls of remove curse
 l - 2 scrolls of recharging
 q - a scroll of teleportation
 v - a scroll of enchant armour {unknown}
 w - a scroll of silence {unknown}
 y - 2 scrolls of amnesia {unknown}
 z - a scroll of magic mapping {unknown}
 A - a scroll of summoning {unknown}
Potions
 j - a potion of agility
 x - a potion of flight
 B - a potion of resistance
Comestibles
 k - 8 fruits


   Skills:
 + Level 4.6(4.1) Fighting
 * Level 8.3(7.8) Long Blades
 + Level 2.2(1.8) Throwing
 + Level 3.4(2.9) Armour
 + Level 3.9(3.4) Dodging
 * Level 5.3(4.8) Stealth
 + Level 1.0(0.5) Invocations
 + Level 0.2(0.0) Evocations


You had 8 spell levels left.
You didn't know any spells.

Dungeon Overview and Level Annotations

Branches:
Dungeon (8/15)             Temple (1/1) D:4
   Lair: D:8-11

Altars:
Ashenzari
Dithmenos
Elyvilon
Fedhas
Gozag
Hepliaklqana
Kikubaaqudgha
Makhleb
Nemelex Xobeh
Okawaru
Qazlal
Ru
Sif Muna
Trog
Uskayaw
Xom
Zin
The Shining One

Shops:
D:8 }

Annotations:
D:2 Crazy Yiuf


Innate Abilities, Weirdness & Mutations

You have hoof-like feet.
You are slightly more attuned to the shadows.
You are immune to rotting.
Your flesh is cold resistant. (rC+)
You have an increased reservoir of magic. (+10% MP)
You are resistant to electric shocks. (rElec)


Message History

You start resting.
Something unseen opens the door.
You start resting.
Your extra speed is starting to run out.
You start resting.
You feel yourself slow down.
You start resting.
A wight is nearby!
The wight barely misses you.
You riposte.
You slash the wight!
The wight is almost destroyed.
You are too injured to fight recklessly!
You are too injured to fight recklessly!
You are too injured to fight recklessly!
You hit the wight but do no damage. Your kick misses the wight.
The wight is almost destroyed.
The wight hits you with an enchanted halberd!
* * * LOW HITPOINT WARNING * * *
You feel drained.
You die...
Fedhas appreciates your contribution to the ecosystem.

#.......#
#.......#
#.......#
#.......#
#.......#
#.......#
#.......#
#.......#
#.@z....#
#.......#
#########


You could see a wight.

Vanquished Creatures
  Pikel (D:4)
  Sigmund (D:3)
  Duvessa (D:4)
  A slave (D:3)
  A phantom (D:4)
  An ogre (D:6)
  A centaur (D:7)
  The ghost of HouseofHex the Grasshopper, an amateur SpWr (D:3)
  2 bullfrogs (D:6)
  Dowan (D:4)
  A howler monkey (D:6)
  A crimson imp (D:5)
  A jelly (D:6)
  An orc priest (D:7)
  A hound (D:6)
  3 orc wizards
  A centaur skeleton (D:5)
  Terence (D:2)
  Jessica (D:3)
  2 iguanas
  3 worker ants
  A hound skeleton (D:5)
  A worker ant zombie (D:5)
  Robin (D:3)
  4 gnolls
  8 adders
  A shadow imp (D:6)
  2 oozes
  An adder zombie (D:5)
  An adder skeleton (D:5)
  4 worms
  4 dart slugs
  2 leopard geckos
  22 orcs
  4 bats
  4 giant cockroaches
  42 goblins
  32 hobgoblins
  11 jackals
  6 kobolds
  6 quokkas
  2 ball pythons
  A ball python skeleton (D:4)
  5 frilled lizards
  9 rats
201 creatures vanquished.

Vanquished Creatures (collateral kills)
  A hungry ghost (D:7)
  An orc warrior (D:6)
  An ogre (D:6)
  A phantom (D:5)
  A big kobold (D:5)
  A wight (D:7)
  An orc priest (D:6)
  An iguana (D:7)
  4 gnolls
  6 hobgoblins (D:5)
  3 kobolds (D:5)
21 creatures vanquished.

Vanquished Creatures (others)
  A slave (D:4)
  A jelly (D:4)
  A worker ant (D:4)
  An adder (D:4)
  3 orcs (D:4)
  4 jackals (D:4)
  A ball python (D:4)
  3 wandering mushrooms
  86 toadstools
101 creatures vanquished.

Grand Total: 323 creatures vanquished

Notes
Turn   | Place    | Note
-------+----------+-------------------------------------------
     0 | D:1      | HouseofHex the Demonspawn Gladiator began the quest for the Orb.
     0 | D:1      | Reached XP level 1. HP: 16/16 MP: 1/1
    59 | D:1      | Gained mutation: You are immune to rotting. [demonic ancestry]
    59 | D:1      | Reached XP level 2. HP: 22/22 MP: 2/2
   396 | D:1      | Reached skill level 3 in Long Blades
   396 | D:1      | Reached skill level 1 in Stealth
   398 | D:1      | Gained mutation: You have large cloven feet. [demonic ancestry]
   398 | D:1      | Reached XP level 3. HP: 12/27 MP: 3/3
  1037 | D:2      | Noticed Terence
  1053 | D:2      | Killed Terence
  1053 | D:2      | Gained mutation: You have hoof-like feet. [demonic ancestry]
  1053 | D:2      | Reached XP level 4. HP: 16/33 MP: 4/4
  1182 | D:2      | Reached skill level 1 in Armour
  1599 | D:2      | Gained mutation: You have an increased reservoir of magic. (+10% MP) [potion of mutation]
  1599 | D:2      | Gained mutation: Your flesh is cold resistant. (rC+) [potion of mutation]
  1599 | D:2      | Gained mutation: You are resistant to electric shocks. (rElec) [potion of mutation]
  1828 | D:2      | Found a runed door.
  1832 | D:2      | Noticed Crazy Yiuf
  2200 | D:3      | Noticed Jessica
  2211 | D:3      | Killed Jessica
  2211 | D:3      | Reached XP level 5. HP: 36/39 MP: 5/5
  2315 | D:3      | Noticed Sigmund
  2360 | D:3      | Killed Sigmund
  2360 | D:3      | Reached skill level 4 in Long Blades
  2360 | D:3      | Gained mutation: You are slightly more attuned to the shadows. [demonic ancestry]
  2360 | D:3      | Reached XP level 6. HP: 27/46 MP: 6/6
  2365 | D:3      | Noticed HouseofHex's ghost (amateur SpWr)
  2400 | D:3      | Killed HouseofHex's ghost
  2849 | D:3      | Noticed Robin
  2873 | D:3      | Killed Robin
  3046 | D:3      | Found a hide-covered altar of Uskayaw.
  3264 | D:4      | Noticed Pikel
  3264 | D:4      | Noticed a slave
  3264 | D:4      | Noticed a slave
  3264 | D:4      | Noticed a slave
  3287 | D:3      | Killed a slave
  3300 | D:4      | Noticed a slave
  3312 | D:4      | Killed Pikel
  3312 | D:4      | Reached skill level 5 in Long Blades
  3312 | D:4      | Reached XP level 7. HP: 11/52 MP: 7/7
  3652 | D:4      | Found a staircase to the Ecumenical Temple.
  3658 | Temple   | Entered the Ecumenical Temple
  4236 | Temple   | Became a worshipper of Fedhas Madash
  5229 | D:4      | Reached skill level 6 in Long Blades
  5229 | D:4      | Reached XP level 8. HP: 21/58 MP: 8/8
  5634 | D:4      | Noticed Duvessa
  5642 | D:4      | Noticed Dowan
  5651 | D:4      | Killed Duvessa
  5653 | D:4      | Killed Dowan
  6148 | D:5      | Entered Level 5 of the Dungeon
  6536 | D:5      | Reached * piety under Fedhas
  6774 | D:5      | Reached skill level 7 in Long Blades
  6873 | D:5      | Reached ** piety under Fedhas
  7958 | D:6      | Reached skill level 1 in Invocations
  8129 | D:6      | Reached skill level 5 in Stealth
  8183 | D:6      | Found a white marble altar of Elyvilon.
  8245 | D:6      | Reached XP level 9. HP: 62/66 MP: 10/10
  8266 | D:6      | Reached skill level 8 in Long Blades
  8529 | D:6      | Found a burning altar of Makhleb.
  8533 | D:6      | Found a shimmering altar of Xom.
  8535 | D:6      | Found a sacrificial altar of Ru.
  8537 | D:6      | Found a shadowy altar of Dithmenos.
  8552 | D:6      | Found a deep blue altar of Sif Muna.
  8892 | D:8      | Found Daagreev's Gadget Shop.
  9288 | D:7      | HP: 2/66 [wight/enchanted halberd (16)]
  9288 | D:7      | Mangled by a wight

Skill      XL: |  1  2  3  4  5  6  7  8  9 |
---------------+----------------------------+-----
Throwing       | 2 |  2.2
Dodging        | 3 |  3.9
Long Blades    | 3 4 5 6 7 8 |  8.3
Stealth        | 1 2 3 4 5 |  5.3
Armour         | 1 2 3 |  3.4
Fighting       | 3 4 |  4.6
Invocations    | 1 |  1.0
Evocations     | |  0.2

Action                   |  1- 3 |  4- 6 |  7- 9 || total
-------------------------+-------+-------+-------++-------
Melee: Long sword        |   126 |   159 |   287 ||   572
       Kick              |    19 |    45 |   111 ||   175
Throw: Tomahawk          |       |       |     1 ||     1
Invok: Fungal Bloom      |       |       |    26 ||    26
       Evolution         |       |       |     3 ||     3
 Abil: Evoke Berserk Rag |       |       |     1 ||     1
  Use: Potion            |       |     6 |     2 ||     8
       Scroll            |       |     5 |     4 ||     9
 Stab: Sleeping          |       |     5 |     8 ||    13
       Distracted        |       |       |     1 ||     1
       Confused          |       |       |     1 ||     1
  Eat: Beef jerky        |     1 |       |       ||     1
       Bread ration      |       |     1 |     3 ||     4
       Chunk             |       |     2 |       ||     2
       Fruit             |       |       |     1 ||     1
       Pizza             |       |       |     1 ||     1
       Meat ration       |       |       |     1 ||     1
       Royal jelly       |       |       |     1 ||     1
Armor: Leather armour    |    38 |    28 |    89 ||   155
Dodge: Dodged            |    94 |   118 |   219 ||   431
       Rpst.: Long sword |    25 |    36 |    62 ||   123
